 Dungeon Sprint DCSS version 0.31-a0-43-g46d131a48f (webtiles) character file.

Game seed: 2985859345091415769

49579 bmack86 the Minotaur Blade (level 14, -17/147 HPs)
             Began as a Minotaur Fighter on May 19, 2023.
             Was the Champion of Okawaru.
             Killed from afar by a fire giant (25 damage)
             ... with a fireball
             ... in the Dungeon (Sprint IX: "|||||||||||||||||||||||||||||").
             The game lasted 00:24:14 (3678 turns).

bmack86 the Minotaur Blade (Minotaur Fighter)       Turns: 3678, Time: 00:24:14

Health: -17/147    AC: 26    Str: 26    XL:     14   Next: 16%
Magic:  23/24      EV: 11    Int:  5    God:    Okawaru [******]
Gold:   1          SH: 23    Dex: 10    Spells: 13/13 levels left

rFire   x . .        n - +13 Maxwell's thermic engine {flame, freeze, rev}
rCold   + + .        K - +1 tower shield
rNeg    . . .        N - +2 ice dragon scales
rPois   .            (helmet restricted)
rElec   .            (no cloak)
rCorr   .            w - +0 pair of gloves
SInv    +            O - +2 pair of boots
Will    +....        p - amulet of the acrobat
Stlth   +            t - +4 ring of protection
HPRegen 0.44/turn    b - ring of see invisible
MPRegen 0.19/turn

%: no teleportation, acrobat
@: mighty, heroic, corroded
A: horns 2, retaliatory headbutt
a: Renounce Religion, Heroism, Finesse


You were in the Dungeon.
You worshipped Okawaru.
Okawaru was exalted by your worship.
You visited 1 branch You collected 1623 gold pieces.
You spent 1622 gold pieces at shops.

Inventory:

Hand Weapons
 a - a +1 great sword of flaming
 n - the +13 Maxwell's thermic engine (weapon) {flame, freeze, rev}
   (You found it in the Dungeon)
 o - the +1 demon blade of Xyarph {flame, +Blink rN+++ Will- Stlth+}
   (Okawaru gifted it to you in the Dungeon)

   rN:        It renders you almost immune to negative energy.
   +Blink:    It lets you blink.
   Will:      It decreases your willpower.
   Stlth:     It makes you more stealthy.
 A - a +2 antimagic scimitar
 J - the +6 Majin-Bo {spellvamp, MP+6 Int+6}
   (You found it in the Dungeon)

   Int:       It affects your intelligence (+6).
   MP:        It affects your magic capacity (+6).
Missiles
 s - 2 curare-tipped darts (quivered)
 v - 12 boomerangs
 x - 2 throwing nets
Armour
 c - the +0 hat of Divine Compulsion {rF+ rN+ Int-5 SInv}
   (Okawaru gifted it to you in the Dungeon)

   Int:       It affects your intelligence (-5).
   rF:        It protects you from fire.
   rN:        It protects you from negative energy.
   SInv:      It lets you see invisible.
 w - a +0 pair of gloves (worn)
 K - a +1 tower shield (worn)
 N - +2 ice dragon scales (worn)
 O - a +2 pair of boots (worn)
Jewellery
 b - a ring of see invisible (right hand)
 p - an amulet of the acrobat (around neck)
 q - a +3 ring of strength
 r - a +2 ring of evasion
 t - a +4 ring of protection (left hand)
 B - a ring of fire
 F - a ring of poison resistance
 G - a ring of willpower
 H - a ring of fire
 I - a +4 ring of protection
Wands
 m - a wand of acid (16)
Scrolls
 j - 2 scrolls of blinking
 l - 2 scrolls of amnesia
 u - 2 scrolls of fog
 C - a scroll of fear
 L - 4 scrolls of enchant weapon
Potions
 d - 2 potions of might
 e - 8 potions of curing
 f - a potion of heal wounds
 g - 4 potions of haste
 h - 4 potions of magic
 i - 3 potions of berserk rage
 k - a potion of invisibility
 z - a potion of mutation {unknown}
 E - a potion of lignification


   Skills:
 + Level 19.7(24.7) Fighting
 + Level 21.3(26.3) Long Blades
 - Level 8.5(13.5) Axes
 + Level 11.1(16.1) Throwing
 + Level 18.9(23.9) Armour
 + Level 18.9(23.9) Shields
 + Level 15.7 Invocations
 + Level 11.6 Evocations


You had 13 spell levels left.
You didn't know any spells.
Your spell library was empty.

Dungeon Overview and Level Annotations

Branches:
Dungeon (1/1)

Altars:
Cheibriados
Dithmenos
Elyvilon
Fedhas
Gozag
Hepliaklqana
Kikubaaqudgha
Makhleb
Nemelex Xobeh
Okawaru
Qazlal
Ru
Sif Muna
Trog
Uskayaw
Vehumet
Wu Jian
Xom
Yredelemnul
Zin
The Shining One
Jiyva
Lugonu

Shops:
D ?**=


Innate Abilities, Weirdness & Mutations

You have a pair of horns on your head.
You reflexively headbutt those who attack you in melee.


Message History

You block the quicksilver dragon's attack. x2
You miss the quicksilver dragon.
The quicksilver dragon is almost dead.
You closely miss the quicksilver dragon.
Your headbutt misses the quicksilver dragon.
The quicksilver dragon is almost dead.
You block the quicksilver dragon's attack.
The quicksilver dragon claws you.
You slash the quicksilver dragon! You burn the quicksilver dragon.
You kill the quicksilver dragon!
Okawaru is honoured by your kill.
Your base Throwing skill increases to level 11!
The lich mumbles some strange words.
The lich flickers and vanishes for a moment.
The stone giant hits you!!
* * * LOW HITPOINT WARNING * * *
Things that are here:
4 large rocks; a stone giant corpse You slice the stone giant!!
You burn the stone giant! You freeze the stone giant.
The stone giant is severely wounded.
You hit the stone giant but do no damage.
You freeze the stone giant.
The stone giant is severely wounded.
The stone giant hits you!!
* * * LOW HITPOINT WARNING * * *
You slice the stone giant!! You burn the stone giant.
You kill the stone giant!
Okawaru accepts your kill.
An ice dragon comes into view.
Your hands slow down.
The purple very ugly thing claws you but does no damage.
You see here 3 large rocks.
Unknown command.
You slice the purple very ugly thing!! You burn the purple very ugly thing.
You kill the purple very ugly thing!
Okawaru accepts your kill. The fire giant casts a spell at you.
The fireball explodes!
The fireball engulfs you!! The fire burns you terribly!
You die...

.........[.[[[[.[..))).)))).....'
▓▓▓▓▓▓▓▓▓▓▓▓▓▓▓▓▓▓▓▓▓▓▓▓▓▓▓▓▓▓▓▓▓
.................................
▓▓▓▓▓▓▓♣♣♣♣♣♣♣♣♣♣▓▓▓▓▓▓▓▓▓▓▓▓▓▓▓▓
......'......)÷†'†....))))÷......
▓▓▓▓▓▓▓♣♣♣♣♣♣♣♣♣♣▓▓▓▓▓▓▓▓▓▓▓▓▓▓▓▓
.................................
▓▓▓▓▓▓▓▓▓▓▓▓▓▓▓▓▓▓▓▓▓▓▓▓▓▓▓▓▓▓▓▓▓
.D(.LC†@((....)(........
▓▓▓▓▓▓▓▓▓▓▓▓▓▓▓▓▓▓▓▓▓▓▓▓


You could see a fire giant, an ice dragon and a lich (fast, invisible).

Vanquished Creatures
  A quicksilver dragon (D)
  Frances (D)
  A nagaraja (D)
  A frost giant (D)
  A fire giant (D)
  An emperor scorpion (D)
  6 stone giants (D)
  2 very ugly things (D)
  2 eleionomae (D)
  A dire elephant (D)
  A bunyip (D)
  Snorg (D)
  An ettin (D)
  2 fire dragons (D)
  An entropy weaver (D)
  A salamander tyrant (D)
  5 hydras (D)
  2 spriggan air magi (D)
  2 centaur warriors (D)
  A radroach (D)
  An anaconda (D)
  Erica (D)
  2 deep troll earth magi (D)
  2 orc high priests (D)
  A shock serpent (D)
  Nergalle (D)
  A skeletal warrior (D)
  A salamander mystic (D)
  A glowing orange brain (D)
  A bog body (D)
  A steelbarb worm (D)
  A mana viper (D)
  A necromancer (D)
  A wolf spider (D)
  4 orc knights (D)
  4 orc sorcerers (D)
  An ugly thing (D)
  2 manticores (D)
  A cyclops (D)
  7 elephants (D)
  A moth of wrath (D)
  3 black mambas (D)
  2 naga magi (D)
  A gargoyle (D)
  3 cane toads (D)
  A yaktaur (D)
  2 rime drakes (D)
  2 komodo dragons (D)
  A tengu conjurer (D)
  A tyrant leech (D)
  A polar bear (D)
  A wind drake (D)
  A bloated husk (D)
  A hornet (D)
  A blink frog (D)
  2 merfolk (D)
  4 snapping turtles (D)
  A slime creature (D)
  A spriggan (D)
  A vampire (D)
  A wraith (D)
  A yak (D)
  3 redbacks (D)
  A basilisk (D)
  Grum (D)
  2 vampire mosquitoes (D)
  An acid dragon (D)
  A water moccasin (D)
  A floating eye (D)
  11 orc warriors (D)
  A boggart (D)
  4 wolves (D)
  A kobold brigand (D)
  2 bullfrogs (D)
  A howler monkey (D)
  6 orc priests (D)
  A hound (D)
  4 orc wizards (D)
  2 adders (D)
  11 orcs (D)
  An endoplasm (D)
  2 kobolds (D)
  2 goblins (D)
161 creatures vanquished.

Notes
Turn   | Place    | Note
-------+----------+-------------------------------------------
     0 | D        | bmack86 the Minotaur Fighter began the quest for the Orb.
     0 | D        | Reached XP level 1. HP: 19/19 MP: 0/0
    55 | D        | Noticed a hound
    55 | D        | Noticed an orc wizard
    58 | D        | Killed an orc wizard
    59 | D        | Reached skill level 5 in Fighting
    59 | D        | Reached XP level 2. HP: 29/29 MP: 1/1
    59 | D        | Reached XP level 3. HP: 36/36 MP: 2/2
    72 | D        | Reached XP level 4. HP: 39/45 MP: 3/3
    80 | D        | Found a snail-covered altar of Cheibriados.
    80 | D        | Found a shadowy altar of Dithmenos.
    80 | D        | Found a white marble altar of Elyvilon.
    80 | D        | Found a blossoming altar of Fedhas.
    80 | D        | Found an opulent altar of Gozag.
    81 | D        | Found a hazy altar of Hepliaklqana.
    82 | D        | Found a viscous altar of Jiyva.
    83 | D        | Found an ancient bone altar of Kikubaaqudgha.
    84 | D        | Found a corrupted altar of Lugonu.
    85 | D        | Found a burning altar of Makhleb.
    86 | D        | Found a sparkling altar of Nemelex Xobeh.
    87 | D        | Found an iron altar of Okawaru.
    88 | D        | Found a stormy altar of Qazlal.
    89 | D        | Found a sacrificial altar of Ru.
    90 | D        | Found a shimmering blue altar of Sif Muna.
    91 | D        | Found a bloodstained altar of Trog.
    92 | D        | Found a hide-covered altar of Uskayaw.
    93 | D        | Found a radiant altar of Vehumet.
    94 | D        | Found an ornate altar of the Wu Jian Council.
    95 | D        | Became a worshipper of Warmaster Okawaru
    96 | D        | Found a shimmering altar of Xom.
    97 | D        | Found a basalt altar of Yredelemnul.
    98 | D        | Found a glowing silver altar of Zin.
    99 | D        | Found a glowing golden altar of the Shining One.
   107 | D        | Found the +2 Maxwell's thermic engine {flame, freeze, rev}
   138 | D        | Noticed a gargoyle
   138 | D        | Noticed a yak
   138 | D        | Noticed a kobold brigand
   138 | D        | Noticed an acid dragon
   138 | D        | Noticed a wraith
   141 | D        | Reached skill level 2 in Long Blades
   141 | D        | Reached skill level 1 in Invocations
   142 | D        | Killed a wraith
   142 | D        | Reached * piety under Okawaru
   143 | D        | Reached skill level 5 in Long Blades
   143 | D        | Reached skill level 5 in Armour
   143 | D        | Reached skill level 5 in Shields
   143 | D        | Reached XP level 5. HP: 39/53 MP: 3/6
   147 | D        | Killed an acid dragon
   148 | D        | Reached skill level 6 in Long Blades
   148 | D        | Reached XP level 6. HP: 33/62 MP: 3/7
   151 | D        | Reached skill level 7 in Long Blades
   153 | D        | Killed a yak
   153 | D        | Reached ** piety under Okawaru
   154 | D        | Reached skill level 8 in Long Blades
   154 | D        | Reached XP level 7. HP: 40/70 MP: 4/9
   156 | D        | Killed a gargoyle
   157 | D        | Reached skill level 9 in Long Blades
   157 | D        | Reached skill level 5 in Invocations
   255 | D        | Noticed a slime creature
   255 | D        | Noticed a vampire
   255 | D        | Noticed a vampire mosquito
   255 | D        | Noticed a centaur warrior
   262 | D        | Killed a centaur warrior
   262 | D        | Reached *** piety under Okawaru
   263 | D        | Reached skill level 10 in Fighting
   263 | D        | Reached skill level 10 in Long Blades
   263 | D        | Reached skill level 5 in Evocations
   263 | D        | Reached XP level 8. HP: 36/80 MP: 8/11
   264 | D        | Reached skill level 11 in Long Blades
   287 | D        | HP: 4/81 [something (9)]
   294 | D        | Killed a slime creature
   294 | D        | Reached **** piety under Okawaru
   545 | D        | Got the +8 shortbow "Daru" {heavy, rF- Will+ Str+2 Stlth+}
   563 | D        | Noticed a komodo dragon
   563 | D        | Noticed a cane toad
   563 | D        | Noticed a black mamba
   563 | D        | Noticed a blink frog
   566 | D        | Killed a blink frog
   567 | D        | Reached skill level 12 in Long Blades
   567 | D        | Reached XP level 9. HP: 82/89 MP: 10/13
   567 | D        | Noticed a black mamba
   571 | D        | Killed a black mamba
   571 | D        | Noticed a cane toad
   585 | D        | Killed a cane toad
   586 | D        | Reached skill level 13 in Long Blades
   586 | D        | Reached skill level 10 in Armour
   586 | D        | Reached skill level 10 in Shields
   589 | D        | Killed a komodo dragon
   595 | D        | Killed a black mamba
   597 | D        | Killed a cane toad
   597 | D        | Reached ***** piety under Okawaru
   769 | D        | Noticed a polar bear
   769 | D        | Noticed a cane toad
   769 | D        | Noticed a seven-headed hydra
   769 | D        | Noticed a rime drake
   769 | D        | Noticed a komodo dragon
   770 | D        | Noticed an eight-headed hydra
   772 | D        | Killed a komodo dragon
   773 | D        | Reached skill level 14 in Long Blades
   773 | D        | Reached XP level 10. HP: 79/97 MP: 15/15
   775 | D        | Killed a four-headed hydra
   775 | D        | Received a gift from Okawaru
   776 | D        | Noticed a six-headed hydra
   782 | D        | Killed a five-headed hydra
   787 | D        | Reached skill level 15 in Long Blades
   790 | D        | Killed a cane toad
   792 | D        | Killed a four-headed hydra
   800 | D        | Reached skill level 16 in Long Blades
   982 | D        | Noticed an elephant
   982 | D        | Noticed an elephant
   982 | D        | Noticed an elephant
   982 | D        | Noticed a dire elephant
   982 | D        | Noticed an elephant
   982 | D        | Noticed an elephant
   994 | D        | Killed a dire elephant
   995 | D        | Reached skill level 10 in Invocations
   996 | D        | Killed an elephant
   997 | D        | Reached XP level 11. HP: 103/108 MP: 17/17
  1178 | D        | Noticed an orc knight
  1187 | D        | Killed an orc knight
  1194 | D        | Identified the +4 war axe of Blind Justice {vamp, +Blink
                  | Str+6 Int-3} (Okawaru gifted it to you in the Dungeon)
  1194 | D        | Received a gift from Okawaru
  1312 | D        | Noticed an orc high priest
  1313 | D        | Noticed an orc knight
  1327 | D        | Reached skill level 17 in Long Blades
  1334 | D        | Killed an orc high priest
  1335 | D        | Reached skill level 5 in Throwing
  1338 | D        | Killed an orc knight
  1341 | D        | Reached skill level 15 in Fighting
  1490 | D        | Found Baxupia's Jewellery Boutique.
  1490 | D        | Noticed an orc sorcerer
  1490 | D        | Noticed an orc sorcerer
  1494 | D        | Noticed an orc sorcerer
  1496 | D        | Found Estriobu's Assorted Antiques.
  1499 | D        | Killed an orc sorcerer
  1501 | D        | Noticed an orc knight
  1504 | D        | Killed an orc sorcerer
  1505 | D        | Killed an orc sorcerer
  1506 | D        | Found Mibiokkee's Assorted Antiques.
  1508 | D        | Found Irejizxa's Magic Scroll Shop.
  1508 | D        | Noticed an orc knight
  1514 | D        | Killed an orc knight
  1515 | D        | Noticed an orc sorcerer
  1517 | D        | Noticed an orc high priest
  1522 | D        | Noticed a soul eater
  1525 | D        | Killed an orc knight
  1525 | D        | Received a gift from Okawaru
  1542 | D        | Killed an orc sorcerer
  1549 | D        | Killed an orc high priest
  1550 | D        | Reached XP level 12. HP: 61/122 MP: 17/19
  1570 | D        | Bought a pair of embroidered boots for 202 gold pieces
  1580 | D        | Bought a ring of see invisible for 150 gold pieces
  1580 | D        | Bought an amulet of the acrobat for 300 gold pieces
  1580 | D        | Bought a +4 ring of protection for 360 gold pieces
  1580 | D        | Bought a ring of fire for 250 gold pieces
  1591 | D        | Bought a scroll labelled PIFAASKU MUKOV for 28 gold pieces
  1591 | D        | Bought a scroll labelled ONODYC ZEATO for 28 gold pieces
  1603 | D        | Bought a scroll of identify for 28 gold pieces
  1606 | D        | Bought a murky grey potion for 25 gold pieces
  1609 | D        | Bought a scroll labelled EBOBYH SOUBIPP for 27 gold pieces
  1658 | D        | Bought a potion of heal wounds for 140 gold pieces
  1658 | D        | Bought a potion of curing for 84 gold pieces
  1719 | D        | Noticed Grum
  1731 | D        | Killed Grum
  1755 | D        | Noticed Erica
  1764 | D        | Killed Erica
  1902 | D        | Found the +6 Majin-Bo {spellvamp, MP+6 Int+6}
  2033 | D        | Noticed a centaur warrior
  2036 | D        | Killed a centaur warrior
  2037 | D        | Reached skill level 18 in Long Blades
  2045 | D        | Noticed a stone giant
  2047 | D        | Reached skill level 15 in Armour
  2047 | D        | Reached skill level 15 in Shields
  2051 | D        | Reached ****** piety under Okawaru
  2056 | D        | Identified the +0 hat of Divine Compulsion {rF+ rN+ Int-5
                  | SInv} (Okawaru gifted it to you in the Dungeon)
  2056 | D        | Received a gift from Okawaru
  2057 | D        | Noticed a spriggan air mage
  2060 | D        | Killed a stone giant
  2063 | D        | Killed a spriggan air mage
  2063 | D        | Noticed a deep troll earth mage
  2064 | D        | Noticed a spriggan air mage
  2067 | D        | Noticed a fire giant
  2070 | D        | Noticed a deep troll earth mage
  2072 | D        | Killed a deep troll earth mage
  2084 | D        | Killed a spriggan air mage
  2089 | D        | Killed a fire giant
  2091 | D        | Killed a deep troll earth mage
  2250 | D        | Noticed Snorg
  2260 | D        | Killed Snorg
  2324 | D        | Noticed an anaconda
  2324 | D        | Noticed a nagaraja
  2324 | D        | Noticed a salamander tyrant
  2333 | D        | Killed a salamander tyrant
  2334 | D        | Reached skill level 19 in Long Blades
  2346 | D        | Killed a nagaraja
  2354 | D        | Killed an anaconda
  2357 | D        | Reached XP level 13. HP: 69/133 MP: 22/22
  2368 | D        | Reached skill level 10 in Throwing
  2370 | D        | Received a gift from Okawaru
  2627 | D        | Noticed an eleionoma
  2627 | D        | Noticed an eleionoma
  2633 | D        | Noticed a bunyip
  2637 | D        | Killed an eleionoma
  2637 | D        | Identified the +1 demon blade of Xyarph {flame, +Blink
                  | rN+++ Will- Stlth+} (Okawaru gifted it to you in the
                  | Dungeon)
  2637 | D        | Received a gift from Okawaru
  2643 | D        | Killed an eleionoma
  2653 | D        | Killed a bunyip
  2799 | D        | Noticed an emperor scorpion
  2822 | D        | Killed an emperor scorpion
  2823 | D        | Reached skill level 20 in Long Blades
  2831 | D        | Reached skill level 10 in Evocations
  3160 | D        | Received a gift from Okawaru
  3398 | D        | Noticed Nergalle
  3411 | D        | Killed Nergalle
  3417 | D        | Noticed Frances
  3428 | D        | Killed Frances
  3428 | D        | Received a gift from Okawaru
  3429 | D        | Reached skill level 15 in Invocations
  3581 | D        | Noticed a frost giant
  3581 | D        | Noticed an ettin
  3581 | D        | Noticed a fire dragon
  3581 | D        | Noticed a stone giant
  3581 | D        | Noticed a stone giant
  3590 | D        | Killed a stone giant
  3591 | D        | Noticed a stone giant
  3596 | D        | Killed a stone giant
  3596 | D        | Received a gift from Okawaru
  3599 | D        | Noticed a fire dragon
  3607 | D        | Killed a fire dragon
  3614 | D        | Killed a frost giant
  3614 | D        | Received a gift from Okawaru
  3624 | D        | Killed a stone giant
  3627 | D        | Killed an ettin
  3627 | D        | Received a gift from Okawaru
  3628 | D        | Reached skill level 21 in Long Blades
  3628 | D        | Reached XP level 14. HP: 49/146 MP: 19/24
  3628 | D        | HP: 4/146 [fire dragon/blast of flame (46)]
  3643 | D        | Paralysed by a floating eye for 2 turns
  3647 | D        | Noticed a brown very ugly thing
  3648 | D        | Noticed a stone giant
  3649 | D        | Noticed a quicksilver dragon
  3649 | D        | Noticed a stone giant
  3650 | D        | Noticed a purple very ugly thing
  3659 | D        | Killed a brown very ugly thing
  3663 | D        | Noticed a fire giant
  3665 | D        | Killed a stone giant
  3665 | D        | Received a gift from Okawaru
  3667 | D        | Noticed a lich
  3672 | D        | Killed a quicksilver dragon
  3675 | D        | HP: 7/147 [stone giant (25)]
  3676 | D        | Killed a stone giant
  3678 | D        | Killed a purple very ugly thing
  3678 | D        | Killed from afar by a fire giant

Illustrated notes

Levels and vault maps discovered:
D:        linesprint [early_d, line_temple, items_1, d_10, items_2, lair_1,
          lair_end, items_3, orc_1, orc_end, items_4, d_15, swamp_1, shoals_1,
          snake_1, spider_1, d_20, vaults_1, items_5, swamp_end, shoals_end,
          snake_end, spider_end, vaults_end, d_27, items_6, zot_1, zot_end,
          crypt_end, forest_end, elf_end, slime_end, tomb_end, abyss_end,
          pan_hell_end]

Skill      XL: |  1  2  3  4  5  6  7  8  9 10 11 12 13 14 |
---------------+-------------------------------------------+-----
Axes           | 6 8 |  8.5
Fighting       | 5 6 7 8 9 10 11 12 13 15 17 19 | 19.7
Long Blades    | 5 6 8 10 12 14 16 17 19 21 | 21.3
Armour         | 5 6 8 9 10 12 14 16 18 | 18.9
Shields        | 5 6 8 9 10 12 14 16 18 | 18.9
Invocations    | 3 4 6 7 8 10 11 13 15 | 15.7
Evocations     | 2 3 4 5 6 7 8 11 | 11.6
Throwing       | 2 7 9 10 11 | 11.1

Action                     |  1- 3 |  4- 6 |  7- 9 | 10-12 | 13-15 || total
---------------------------+-------+-------+-------+-------+-------++-------
  Melee: War axe           |    31 |       |       |       |       ||    31
         Headbutt          |     2 |     5 |    13 |    57 |    54 ||   131
         Double sword      |       |    15 |    67 |   251 |   200 ||   533
  Throw: Javelin           |       |       |       |       |     5 ||     5
 Invoke: Heroism           |       |       |     3 |     4 |     5 ||    12
         Finesse           |       |       |       |     2 |     1 ||     3
  Evoke: Wand              |       |       |       |     4 |       ||     4
    Use: Scroll            |       |       |     6 |     5 |     1 ||    12
         Potion            |       |       |     2 |       |     4 ||     6
 Armour: Scale mail        |    10 |       |       |       |       ||    10
         Chain mail        |       |     5 |    27 |    32 |       ||    64
         Plate armour      |       |       |       |     9 |       ||     9
         Ice dragon scales |       |       |       |    20 |    44 ||    64
  Dodge: Dodged            |    13 |     3 |    17 |    53 |    39 ||   125
  Block: Buckler           |     4 |     5 |     6 |    31 |       ||    46
         Tower shield      |       |       |       |    65 |   137 ||   202

Table legend: (Time is in decaauts)
 A = Elapsed time spent in this place.
 B = Non-inter-level travel time spent in this place.
 C = Inter-level travel time spent in this place.
 D = Time resting spent in this place.
 E = Time spent auto-exploring this place.
 F = Levels seen in this place.
 G = Mean time per level.
                   A        B        C        D        E       F      G
               +--------+--------+--------+--------+--------+-----+--------+
         Total |   3506 |   3506 |      0 |   1948 |      0 |   1 | 3506.0 |
       Dungeon |   3506 |   3506 |      0 |   1948 |      0 |   1 | 3506.0 |
               +--------+--------+--------+--------+--------+-----+--------+

Top non-repeatable levels by time:
       D: 3506 daAuts
